 Dungeon Crawl Stone Soup version 0.27-a0-1200-g94dc6ad4cf (webtiles) character file.

Game seed: 5230845519831057110

62603 RepHenryClay the Spry (level 15, -6/98 HPs)
             Began as a Djinni Fire Elementalist on May 31, 2021.
             Was a High Priest of Makhleb.
             Mangled by a two-headed ogre
             ... wielding a +0 giant spiked club
              (23 damage)
             ... while paralysed by an ogre mage
             ... on level 2 of the Orcish Mines.
             The game lasted 00:56:27 (25089 turns).

RepHenryClay the Spry (Djinni Fire Elementalist)   Turns: 25089, Time: 00:56:28

Health: -6/98      AC:  8    Str:  7    XL:     15   Next: 46%
Gold:   2340       EV:  2    Int: 28    God:    Makhleb [*****.] SH:  0 Dex: 19

rFire    + + +     SeeInvis .   a - staff of fire
rCold    . . .     Faith    .   G - +1 buckler
rNeg     . . .     Spirit   .   P - +1 robe {rC+}
rPois    ∞         Reflect  +   H - +2 hat
rElec    .         Harm     .   (no cloak)
rCorr    .         Rampage  .   V - +2 pair of gloves
Will     +....                  (boots unavailable)
Stlth    +++.......             f - amulet of reflection
HPRegen  0.26/turn              y - ring of the Worm {Contam Int+6 Dex+4 Stlth+}
MPRegen  0.00/turn              j - +4 ring of evasion

@: paralysed, flying
A: sickness immunity, fire resistance 2, cold vulnerability 1, float, innate
caster, hp casting, extra vitality 1
a: Renounce Religion, Minor Destruction, Lesser Servant of Makhleb, Major
Destruction, Greater Servant of Makhleb


You were on level 2 of the Orcish Mines.
You worshipped Makhleb.
Makhleb was extremely pleased with you.
You visited 4 branches of the dungeon, and saw 18 of its levels.
You also visited: Ice Cave.

You collected 2340 gold pieces.

Inventory:

Hand Weapons
 X - the +8 whip "Snakebite" {curare, rPois}
   (You found it on level 6 of the Lair of Beasts)

   It poisons the flesh of those it strikes.
   It protects you from poison.
Missiles
 h - 618 stones
 Z - 4 boomerangs of dispersal
Armour
 b - a +2 robe of the Archmagi
 g - a +2 robe of fire resistance
 G - a +1 buckler (worn)
 H - a +2 hat (worn)
 K - a +1 robe of willpower
 P - a +1 robe of cold resistance (worn)
 V - a +2 pair of gloves (worn)
Magical Staves
 a - a staff of fire (weapon)
 s - a staff of cold
 Q - a staff of air
Jewellery
 c - the ring "Fampajom" {rF+ rN+ rCorr Int+8 Dex-3 SInv}
   (You found it on level 5 of the Lair of Beasts)

   [ring of see invisible]

   It affects your intelligence (+8).
   It affects your dexterity (-3).
   It protects you from fire.
   It protects you from negative energy.
   It lets you see invisible.
   It protects you from acid and corrosion.
 f - an amulet of reflection (around neck)
 j - a +4 ring of evasion (right hand)
 y - the ring of the Worm (left hand) {Contam Int+6 Dex+4 Stlth+}
   (You found it on level 4 of the Dungeon)

   [ring of intelligence]

   It affects your intelligence (+6).
   It affects your dexterity (+4).
   It causes magical contamination when unequipped.
   It makes you more stealthy.
Wands
 i - a wand of charming (5)
 z - a wand of iceblast (18)
 E - a wand of flame (45)
 F - a wand of polymorph (17)
 L - a wand of paralysis (17)
 M - a wand of acid (11)
 W - a wand of mindburst (9)
Scrolls
 e - 4 scrolls of enchant weapon
 l - 5 scrolls of fog
 m - a scroll of brand weapon
 n - 5 scrolls of teleportation
 t - 3 scrolls of enchant armour
 u - 2 scrolls of blinking
 w - a scroll of silence
 B - a scroll of fear
 D - a scroll of holy word
 I - 2 scrolls of summoning
 N - 4 scrolls of identify {@r1}
 S - 2 scrolls of amnesia
 Y - a scroll of magic mapping {unknown}
Potions
 k - 5 potions of brilliance
 o - 2 potions of resistance
 p - 3 potions of curing
 q - 2 potions of invisibility
 r - a potion of flight
 v - a potion of cancellation {unknown}
 x - 2 potions of haste {unknown}
 A - 2 potions of heal wounds
 C - a potion of magic {unknown}
 J - 2 potions of attraction {unknown}
 R - 3 potions of might {unknown}
 T - a potion of ambrosia
 U - 2 potions of lignification {unknown}
Miscellaneous
 O - a lightning rod (4/4)


   Skills:
 - Level 6.1 Fighting
 - Level 4.0 Maces & Flails
 + Level 15.4 Dodging
 - Level 1.5 Stealth
 - Level 5.3 Shields
 + Level 14.2 Spellcasting
 - Level 6.1 Evocations


You had 3 spell levels left.
You knew the following spells:

 Your Spells              Type           Power      Damage    Failure   Level
a - Foxfire               Conj/Fire      100%       2x1d9     0%          1
b - Conjure Flame         Conj/Fire      99%        6-21      1%          3
c - Inner Flame           Hex/Fire       99%        N/A       1%          3
d - Sticky Flame          Conj/Fire      99%        2d11      1%          4
e - Fireball              Conj/Fire      49%        3d19      1%          5
f - Sandblast             Erth           100%       2d20      0%          1
g - Static Discharge      Conj/Air       78%        N/A       0%          2
h - Ensorcelled Hibernat  Hex/Ice        100%       N/A       0%          2
i - Lesser Beckoning      Tloc           39%        N/A       1%          3
j - Passage of Golubria   Tloc           N/A        N/A       1%          4
k - Manifold Assault      Tloc           78%        N/A       1%          5
l - Blade Hands           Tmut           39%        N/A       1%          6
Your spell library was empty.

Dungeon Overview and Level Annotations

Branches:
Dungeon (9/15)             Temple (1/1) D:7            Lair (6/6) D:9
 Shoals (0/4) Lair:3        Snake (0/4) Lair:3        Slime (0/5) Lair:6
    Orc (2/2) D:9           IceCv (visited)
    Elf: Orc:2

Altars:
Cheibriados
Dithmenos
Gozag
Hepliaklqana
Makhleb
Okawaru
Ru
Sif Muna
Uskayaw
Wu Jian
Xom
Yredelemnul
The Shining One
Beogh

Shops:
D:2 (

Annotations:
D:9 2 transporters, BartGarfuncle's ghost, novice FoEE


Innate Abilities, Weirdness & Mutations

You are immune to sickness and miasma.
You are immune to poison.
Your flesh is very heat resistant. (rF++)
You are vulnerable to cold. (rC-)
You float through the air rather than walking.
You learn spells naturally, not from books.
Your magical power is your life essence.
You have superior vitality. (+4 HP)


Message History

Damage: -5%(-5hp) hp: 89%(87hp)
Casting: Fireball (mildly dangerous; 1% risk of failure)
Confirm with . or Enter, or press ? or * to list all spells.
Aiming: Fireball (mildly dangerous; 1% risk of failure)
Press: ? - help, Shift-Dir - straight line You feel a surge of power!
The fireball explodes!
The fireball engulfs the ogre mage!!
The ogre mage is heavily wounded.
The fireball engulfs the two-headed ogre!!
The two-headed ogre is severely wounded.
The fireball engulfs the two-headed ogre!!
The two-headed ogre is moderately wounded.
The fireball engulfs something!!
You hear two shouts!
The ogre mage barely misses you.
An ogre comes into view. It is wielding a +0 giant spiked club.
A two-headed ogre comes into view.
It is wielding a +0 giant spiked club and a +0 giant club.
Damage: -5%(-5hp) hp: 84%(82hp)
Casting: Fireball (mildly dangerous; 1% risk of failure)
Confirm with . or Enter, or press ? or * to list all spells.
Okay, then.
Okay, then.
Unknown command.
The ogre mage points at you and mumbles some strange words.
You suddenly lose the ability to move!
Something hits you.
The ogre mage hits you but does no damage.
The two-headed ogre hits you with a +0 giant spiked club!!
The two-headed ogre hits you with a +0 giant spiked club!
* * * LOW HITPOINT WARNING * * *
Something hits you.
* * * LOW HITPOINT WARNING * * *
The ogre mage hits you with a +0 club.
* * * LOW HITPOINT WARNING * * *
Something hits you.
* * * LOW HITPOINT WARNING * * *
The two-headed ogre hits you with a +0 giant spiked club.
* * * LOW HITPOINT WARNING * * *
The two-headed ogre hits you with a +0 giant spiked club!!
You die...

####.#.###..##..
###.#.....#...........
##......#..............
#......#...............
##.#.##................
#######...............
##................
##.....OO...O..(...
#.....#@O.O.OO))).. ...
##.....##..OOO...... ...####
##......###.##.).....
.....#.##.#....###......O))..
#......#......###........).).
##......#.#..###...########..
#.......##### #..# O
###......#### #..
####....#.#.# #..


You could see 5 two-headed ogres, an ogre mage and 5 ogres.

Vanquished Creatures
  Josephine (Orc:2)
  An ice dragon (Lair:6)
  6 hydras
  2 boulder beetles
  2 ogre magi (Orc:2)
  6 two-headed ogres
  6 death yaks
  An orc high priest (Orc:1)
  A wolf spider (Lair:6)
  5 oklob plants
  2 lindwurms (Lair:6)
  6 orc sorcerers
  A guardian serpent (Lair:6)
  A cyclops (Orc:2)
  9 black mambas
  3 elephants (Lair:5)
  21 cane toads
  6 torpor snails (Lair:6)
  2 rime drakes
  4 komodo dragons
  A polar bear (Lair:4)
  2 tyrant leeches (Lair:6)
  2 trolls (Orc:2)
  12 hornets (Lair:6)
  12 blink frogs
  2 slime creatures (Lair:6)
  11 dream sheep
  A snapping turtle (Lair:3)
  3 redbacks (Lair:6)
  5 wraiths (Orc:2)
  Eustachio (D:6)
  27 yaks
  12 wyverns
  A steam dragon (Lair:3)
  A basilisk (Lair:3)
  2 vampire mosquitoes (D:7)
  Menkaure (D:4)
  A naga (Lair:3)
  6 wargs
  Edmund (D:4)
  22 water moccasins
  A black bear (D:5)
  12 orc warriors
  8 ice beasts (Orc:1)
  3 sky beasts
  13 wolves
  15 ogres
  A centaur (D:9)
  Blork the orc (D:4)
  A kobold brigand (D:8)
  11 bullfrogs
  2 gnoll sergeants
  6 scorpions
  4 killer bees
  3 wights (D:7)
  A bullfrog zombie (D:5)
  2 jellies (Lair:6)
  3 centaur zombies
  8 orc priests
  3 bullfrog skeletons
  A centaur skeleton (D:5)
  5 iguanas
  23 orc wizards
  Natasha (twice) (D:4)
  8 hell rats
  A killer bee zombie (D:9)
  11 gnolls
  3 adders
  A white imp (D:6)
  An adder skeleton (D:5)
  A worm (D:2)
  2 dart slugs
  58 orcs
  4 bats
  7 endoplasms
  2 giant cockroaches (D:1)
  6 goblins
  5 hobgoblins
  10 jackals
  11 kobolds
  4 quokkas
  10 ball pythons
  7 frilled lizards
  6 rats
  3 bushes (Lair:6)
502 creatures vanquished.

Vanquished Creatures (collateral kills)
  12 foxfires (Lair:6)
12 creatures vanquished.

Vanquished Creatures (others)
  3 bushes (Lair:6)
  1506 foxfires
  54 fungi
  111 plants
1674 creatures vanquished.

Grand Total: 2188 creatures vanquished

Notes
Turn   | Place    | Note
-------+----------+-------------------------------------------
     0 | D:1      | RepHenryClay the Djinni Fire Elementalist began the quest
                  | for the Orb.
     0 | D:1      | Reached XP level 1. HP: 15/15 MP: 0/0
   254 | D:1      | Reached XP level 2. HP: 16/21 MP: 0/0
   814 | D:1      | Reached XP level 3. HP: 22/25 MP: 0/0
   814 | D:1      | Learned a level 1 spell: Sandblast
  1373 | D:2      | Found Voxzoe's Antique Weapon Shoppe.
  1768 | D:2      | Found a faded altar of an unknown god.
  2130 | D:2      | Reached XP level 4. HP: 6/31 MP: 0/0
  2666 | D:3      | Reached XP level 5. HP: 33/35 MP: 0/0
  2666 | D:3      | Learned a level 2 spell: Static Discharge
  3001 | D:4      | Noticed Blork the orc
  3010 | D:4      | Killed Blork the orc
  3313 | D:4      | Reached XP level 6. HP: 20/40 MP: 0/0
  3503 | D:4      | Noticed Menkaure
  3516 | D:4      | Killed Menkaure
  3517 | D:4      | Reached skill level 5 in Spellcasting
  3629 | D:4      | Noticed an ogre
  3642 | D:4      | Killed an ogre
  3643 | D:4      | Reached XP level 7. HP: 37/45 MP: 0/0
  3643 | D:4      | Learned a level 2 spell: Ensorcelled Hibernation
  3850 | D:4      | Noticed Edmund
  3866 | D:4      | Killed Edmund
  4127 | D:4      | Noticed Natasha
  4132 | D:4      | Killed Natasha
  4543 | D:4      | Noticed Natasha
  4550 | D:4      | Killed Natasha
  4688 | D:4      | Identified the ring of the Worm {Contam Int+6 Dex+4 Stlth+}
  4739 | D:4      | Reached XP level 8. HP: 46/50 MP: 0/0
  4842 | D:5      | Entered Level 5 of the Dungeon
  5015 | D:5      | Found an opulent altar of Gozag.
  5874 | D:5      | Found a snail-covered altar of Cheibriados.
  6330 | D:6      | Noticed Eustachio
  6345 | D:6      | Killed Eustachio
  6551 | D:6      | Reached XP level 9. HP: 31/55 MP: 0/0
  6551 | D:6      | Learned a level 3 spell: Lesser Beckoning
  7174 | D:7      | Found a runed translucent door.
  7592 | D:7      | Found an iron altar of Okawaru.
  7987 | D:7      | Found a staircase to the Ecumenical Temple.
  8086 | Temple   | Entered the Ecumenical Temple
  8132 | Temple   | Became a worshipper of Makhleb the Destroyer
  8290 | D:7      | Reached skill level 10 in Spellcasting
  9039 | D:7      | Reached * piety under Makhleb
  9236 | D:7      | Reached XP level 10. HP: 54/60 MP: 0/0
  9591 | D:8      | Reached skill level 1 in Shields
  9658 | D:8      | Reached skill level 3 in Dodging
  9987 | D:8      | Reached skill level 4 in Dodging
 10731 | D:9      | Found a transporter.
 10736 | D:9      | Found a transporter.
 10736 | D:9      | Noticed BartGarfuncle's ghost (novice FoEE)
 10737 | D:9      | Noticed a great orb of eyes
 11038 | D:9      | Noticed a death yak
 11050 | D:9      | Killed a death yak
 11051 | D:9      | Reached skill level 5 in Dodging
 11261 | D:9      | Reached ** piety under Makhleb
 11492 | D:9      | Noticed a two-headed ogre
 11504 | D:9      | Killed a two-headed ogre
 11505 | D:9      | Reached skill level 6 in Dodging
 11505 | D:9      | Reached skill level 5 in Shields
 11755 | D:9      | Noticed a death yak
 11755 | D:9      | Noticed a death yak
 11797 | D:9      | Killed a death yak
 11798 | D:9      | Reached skill level 7 in Dodging
 11798 | D:9      | Reached XP level 11. HP: 30/65 MP: 0/0
 11798 | D:9      | Learned a level 4 spell: Passage of Golubria
 11987 | D:9      | Killed a death yak
 12115 | D:9      | Found a staircase to the Lair.
 12124 | D:9      | Found a staircase to the Orcish Mines.
 12231 | D:9      | Found a sacrificial altar of Ru.
 12388 | Orc:1    | Entered Level 1 of the Orcish Mines
 12521 | Orc:1    | Reached skill level 8 in Dodging
 12521 | Orc:1    | Noticed an orc sorcerer
 12526 | Orc:1    | Killed an orc sorcerer
 12906 | Orc:1    | Noticed an orc sorcerer
 12928 | Orc:1    | Killed an orc sorcerer
 12929 | Orc:1    | Reached skill level 9 in Dodging
 13020 | Orc:1    | Found a frozen archway.
 13068 | IceCv    | Entered an ice cave
 13068 | IceCv    | Noticed a white ugly thing
 13597 | Orc:1    | Noticed an orc sorcerer
 13602 | Orc:1    | Noticed an orc high priest
 13797 | Lair:1   | Entered Level 1 of the Lair of Beasts
 13919 | Lair:1   | Reached *** piety under Makhleb
 13922 | Lair:1   | Reached skill level 10 in Dodging
 13930 | Lair:1   | Reached XP level 12. HP: 36/70 MP: 0/0
 15102 | Lair:1   | Reached skill level 11 in Dodging
 15428 | Lair:2   | Reached skill level 1 in Fighting
 15428 | Lair:2   | Reached skill level 1 in Evocations
 15822 | Lair:2   | Noticed a six-headed hydra
 15829 | Lair:2   | Killed a six-headed hydra
 16323 | Lair:3   | Noticed a boulder beetle
 16530 | Lair:3   | Killed a boulder beetle
 16531 | Lair:3   | Reached skill level 5 in Fighting
 16531 | Lair:3   | Reached skill level 5 in Evocations
 16532 | Lair:3   | Reached XP level 13. HP: 56/85 MP: 0/0
 16532 | Lair:3   | Learned a level 5 spell: Manifold Assault
 16931 | Lair:3   | Found a staircase to the Shoals.
 17323 | Lair:3   | Reached **** piety under Makhleb
 17399 | Lair:3   | Found a staircase to the Snake Pit.
 17716 | Lair:4   | Noticed a seven-headed hydra
 17838 | Lair:4   | Noticed an eight-headed hydra
 17840 | Lair:4   | Killed a seven-headed hydra
 17851 | Lair:4   | Killed an eight-headed hydra
 18123 | Lair:4   | Reached skill level 12 in Dodging
 18890 | Lair:5   | You are sucked into a shaft and drop 1 floor!
 18890 | Lair:6   | Entered Level 6 of the Lair of Beasts
 19116 | Lair:6   | Found a runed translucent door.
 19351 | Lair:6   | Found a staircase to the Slime Pits.
 19366 | Lair:6   | Noticed a six-headed hydra
 20328 | Lair:6   | Reached XP level 14. HP: 94/94 MP: 0/0
 20356 | Lair:6   | Reached skill level 13 in Dodging
 20399 | Lair:6   | Found the +8 whip "Snakebite" {curare, rPois}
 21024 | Lair:5   | You are sucked into a shaft and drop 1 floor!
 21053 | Lair:5   | Identified the ring "Fampajom" {rF+ rN+ rCorr Int+8 Dex-3
                  | SInv}
 21258 | Lair:5   | Reached skill level 14 in Dodging
 21260 | Lair:5   | Reached ***** piety under Makhleb
 21467 | Lair:5   | Identified the +0 ring mail of Heschyuqu {Rampage rElec rC-
                  | Slay+3}
 22411 | Lair:6   | Reached skill level 1 in Maces & Flails
 23351 | Lair:6   | Reached XP level 15. HP: 87/98 MP: 0/0
 23351 | Lair:6   | Learned a level 6 spell: Blade Hands
 24157 | Orc:2    | Entered Level 2 of the Orcish Mines
 24755 | Orc:2    | Noticed Josephine
 24758 | Orc:2    | Killed Josephine
 24762 | Orc:2    | Reached skill level 15 in Dodging
 25086 | Orc:2    | Paralysed by an ogre mage for 4 turns
 25089 | Orc:2    | Mangled by a two-headed ogre

Illustrated notes

Levels and vault maps discovered:
D:1:      roderic_crossed_star, layout_loops_ring, st_stairs_2
D:2:      layout_loops_ring, serial_shops, nicolae_shop_trees,
          shapermc_ecumenical_altar_mp_vishouse
D:3:      layout_rooms, grunt_ministairs_3, chequers_big_river
D:4:      layout_loops_ring, minivault_1, minmay_tree_intersection,
          minmay_misc_feat_iff, minmay_pentomino_pile, uniq_menkaure,
          uniq_blork_the_orc, uniq_natasha, uniq_edmund
D:5:      layout_layer_cave, nicolae_gozag_cash_rules_everything_around_me,
          lemuel_doored_altar
D:6:      layout_rooms, uniq_eustachio
D:7:      layout_loops_ring, okawaru_ov_weapons_minmay,
          lemuel_temple_firewalk_b, lightli_church_of_beogh
D:8:      minmay_flawed_box, layout_gridville
D:9:      layout_irregular_city, nicolae_ru_the_path_less_chosen,
          dpeg_lair_monsters, orc_0_dummy, gammafunk_ghost_arena
Temple:   nicolae_temple_elliptical
Lair:1:   layout_cave_shapes
Lair:2:   layout_chaotic_city
Lair:3:   layout_hall_layers, minmay_shoals_entry_hut,
          guppyfry_snake_entry_garden, st_stairs_4, infiniplex_staircase_pool_2
Lair:4:   layout_cellular_growth, minmay_lair_oklob_chamber
Lair:5:   layout_cave_pods, serial_bayou_pond_a
Lair:6:   wormcave, layout_gridlike, hangedman_lair_tendril_chambers,
          minmay_slime_entry_pillars, minmay_lair_oklob_bushes,
          serial_bayou_shore_b
Orc:1:    cheibrodos_orc_guarddog, layout_caves,
          portal_ice_cave_entry_ice_beasts, nicolae_orc_bridge_out,
          bh_open_orc_temple
Orc:2:    st_orc_ogre_mass, layout_diamond_mine, uniq_josephine

Skill      XL: |  1  2  3  4  5  6  7  8  9 10 11 12 13 14 15 |
---------------+----------------------------------------------+-----
Spellcasting   | 3 4 5 6 8 10 11 12 13 14 | 14.2
Shields        | 5 |  5.3
Dodging        | 7 10 11 12 14 15 | 15.4
Fighting       | 5 6 |  6.1
Evocations     | 5 6 |  6.1
Maces & Flails | 4 |  4.0
Stealth        | |  1.5

Action                   |  1- 3 |  4- 6 |  7- 9 | 10-12 | 13-15 || total
-------------------------+-------+-------+-------+-------+-------++-------
Melee: Staff             |       |       |     5 |       |     3 ||     8
 Cast: Foxfire           |    79 |    51 |   202 |   322 |   237 ||   891
       Sticky Flame      |       |     2 |    17 |    27 |    78 ||   124
       Fireball          |       |       |     9 |    63 |   168 ||   240
       Static Discharge  |       |       |     1 |       |     8 ||     9
       Sandblast         |       |       |       |     1 |       ||     1
       Ensorcelled Hiber |       |       |       |     8 |     3 ||    11
       Manifold Assault  |       |       |       |       |     1 ||     1
Evoke: Lightning rod     |       |       |       |     5 |       ||     5
       Wand              |       |       |       |     1 |     4 ||     5
  Use: Scroll            |       |     5 |     1 |    15 |     4 ||    25
       Potion            |       |     1 |       |     2 |     1 ||     4
Armor: Robe              |     7 |       |     6 |     2 |    13 ||    28
Dodge: Dodged            |    16 |     4 |    20 |    25 |    86 ||   151
Block: Other             |       |       |     8 |       |       ||     8
       Buckler           |       |       |       |    16 |    91 ||   107
       Reflection        |       |       |       |     2 |     1 ||     3

Table legend: (Time is in decaauts)
 A = Elapsed time spent in this place.
 B = Non-inter-level travel time spent in this place.
 C = Inter-level travel time spent in this place.
 D = Time resting spent in this place.
 E = Time spent auto-exploring this place.
 F = Levels seen in this place.
 G = Mean time per level.
                   A        B        C        D        E       F      G
               +--------+--------+--------+--------+--------+-----+--------+
         Total |  25149 |  24036 |   1113 |   6415 |  14163 |  19 | 1323.6 |
       Dungeon |  12675 |  12075 |    600 |   3032 |   7768 |   9 | 1408.3 |
        Temple |     76 |     46 |     30 |      0 |     41 |   1 |   76.0 |
          Lair |   9844 |   9505 |    339 |   2567 |   5425 |   6 | 1640.7 |
  Orcish Mines |   2549 |   2406 |    143 |    816 |    928 |   2 | 1274.5 |
      Ice Cave |      3 |      3 |      0 |      0 |      0 |   1 |    3.0 |
               +--------+--------+--------+--------+--------+-----+--------+

Top non-repeatable levels by time:
  Lair:6: 3591 daAuts
     D:7: 2074 daAuts
     D:4: 1898 daAuts
   Orc:1: 1873 daAuts
     D:9: 1737 daAuts
     D:8: 1477 daAuts
  Lair:5: 1334 daAuts
  Lair:1: 1333 daAuts
     D:5: 1282 daAuts
     D:6: 1255 daAuts
  Lair:3: 1212 daAuts
  Lair:4: 1210 daAuts
     D:1: 1196 daAuts
     D:2: 1191 daAuts
  Lair:2: 1161 daAuts
